 Dungeon Crawl Stone Soup version 0.31-a0-202-g547052bce9 (webtiles) character file.

Game seed: 1207470310685013975

7 qw the Shooter (level 1, -2/12 HPs)
             Began as a Deep Elf Hunter on June 26, 2023.
             Slain by an endoplasm (3 damage)
             ... on level 1 of the Dungeon.
             The game lasted 00:00:04 (71 turns).

qw the Shooter (Deep Elf Hunter)                      Turns: 71, Time: 00:00:04

Health: -2/12      AC:  3    Str:  8    XL:     1   Next: 83%
Magic:  3/3        EV: 12    Int: 13    God:
Gold:   0          SH:  0    Dex: 18    Spells: 0/0 levels left

rFire   . . .        a - +0 shortbow
rCold   . . .        (shield currently unavailable)
rNeg    . . .        c - +0 leather armour
rPois   .            (no helmet)
rElec   .            (no cloak)
rCorr   .            (no gloves)
SInv    .            (no boots)
Will    .....        (no amulet)
Stlth   ++           (no ring)
HPRegen 0.22/turn    (no ring)
MPRegen 0.08/turn

%: no passive effects
@: no status effects
A: no striking features
a: no special abilities


You were on level 1 of the Dungeon.
You visited 1 branch of the dungeon, and saw 1 of its levels.


   Skills:
 - Level 1.5 Fighting
 + Level 5.8 Ranged Weapons
 - Level 2.4 Dodging
 - Level 1.2 Stealth


You couldn't memorise any spells.
You didn't know any spells.
Your spell library was empty.

Inventory:

Hand Weapons
 a - a +0 shortbow (weapon)
Armour
 c - a +0 leather armour (worn)
Scrolls
 b - a scroll of butterflies

Dungeon Overview and Level Annotations

Branches:
Dungeon (1/15)

Altars:


Message History

The ball python hisses angrily.
The ball python misses you. The ball python barely misses you.
You shoot an arrow. The arrow hits the ball python.
You kill the ball python!
A kobold comes into view. It is wielding a +0 short sword.
You shoot an arrow. The arrow barely misses the kobold.
The kobold hits you with a +0 short sword.
You shoot an arrow. The arrow closely misses the kobold.
The kobold hits you with a +0 short sword.
You shoot an arrow. The arrow closely misses the kobold.
The kobold hits you with a +0 short sword.
You shoot an arrow.
The arrow hits the kobold but does no damage.
The kobold hits you but does no damage.
The kobold hits you with a +0 short sword.
You shoot an arrow. The arrow hits the kobold.
The kobold is moderately wounded.
The kobold hits you with a +0 short sword.
You shoot an arrow. The arrow hits the kobold.
The kobold is severely wounded.
The kobold barely misses you.
You shoot an arrow. The arrow closely misses the kobold.
An endoplasm comes into view.
The kobold misses you.
You shoot an arrow. The arrow hits the kobold.
You kill the kobold!
You shoot an arrow.
The arrow hits the endoplasm but does no damage.
The endoplasm freezes you.
You are frozen.
The endoplasm misses you.
You shoot an arrow. The arrow hits the endoplasm.
The endoplasm is lightly wounded.
The endoplasm closely misses you.
You shoot an arrow. The arrow hits the endoplasm.
The endoplasm is moderately wounded.
The endoplasm barely misses you.
You shoot an arrow. The arrow hits the endoplasm.
The endoplasm is almost dead.
The endoplasm hits you.
You die...

#.. #.. ### #.. ..7
#... #.. #### ####...
#.7 #..# ......
#.#####<.# #:J####
#.'...##'# #..@..#
#.'.7.'..# ###..#.#
#.'...'.## ##....#.#
#.#####.# .}###....##.#
###..777###
..........#.###......}#
.###.....#.....#######
##.#..######..##.#
#.#..####....##.#
#.#....%........#


You could see an endoplasm.

Vanquished Creatures
  A giant cockroach (D:1)
  A hobgoblin (D:1)
  A ball python (D:1)
  A frilled lizard (D:1)
  2 kobolds (D:1)
  A rat (D:1)
7 creatures vanquished.

Notes
Turn   | Place    | Note
-------+----------+-------------------------------------------
     0 | D:1      | qw the Deep Elf Hunter began the quest for the Orb.
     0 | D:1      | Reached XP level 1. HP: 12/12 MP: 3/3
     0 | D:1      | 0 ||| qw: Version: 0.3-a-22-g0ed2b0b
     0 | D:1      | 0 ||| qw: Game counter: 6167
     0 | D:1      | 0 ||| qw: Melee chars always use a shield: true
     0 | D:1      | 0 ||| qw: God list: Okawaru
     0 | D:1      | 0 ||| qw: Allow faded altars: false
     0 | D:1      | 0 ||| qw: Do Orc after clearing Dungeon:15 true
     0 | D:1      | 0 ||| qw: Do second Lair branch before Depths: true
     0 | D:1      | 0 ||| qw: Lair rune preference: random
     0 | D:1      | 0 ||| qw: Goals: Normal
     0 | D:1      | 0 ||| PLANNING D:1-11
    64 | D:1      | HP: 2/12 [kobold/+0 short sword (3)]
    71 | D:1      | Slain by an endoplasm

Levels and vault maps discovered:
D:1:      sevenhm_arrival_forest_fort_small_3, layout_loops_ring,
          ebering_ecumenical_altar_abandoned, serial_forest,
          infiniplex_forest_end_double, infiniplex_forest_straight_5,
          infiniplex_forest_clump_C, infiniplex_forest_lined_room_2,
          infiniplex_forest_zigzag_1, infiniplex_forest_end_1,
          infiniplex_forest_corner_1, infiniplex_forest_clump_diagonal

Action                     || total
---------------------------++-------
   Fire: Shortbow          ||    26
 Armour: Leather armour    ||     2
  Dodge: Dodged            ||    10

Table legend:
 A = Non-vault XP
 B = Vault XP
 C = Vault XP percentage of total XP
 D = Non-vault monster count
 E = Vault monster count
 F = Vault count percentage of total count
                 A         B        C        D         E       F
            +---------+---------+-------+---------+---------+-------
      Total |      10 |       0 |   0.0 |       7 |       0 |   0.0
            +---------+---------+-------+---------+---------+-------
        D:1 |      10 |       0 |   0.0 |       7 |       0 |   0.0
            +---------+---------+-------+---------+---------+-------
